 Dungeon Sprint DCSS version 0.28-a0-1374-ga75cb3825e (webtiles) character file.

Game seed: 5550496466073336057

347 mhtbhm the Protected (level 6, -12/44 HPs)
             Began as a Gargoyle Fighter on Jan 1, 2022.
             Was an Initiate of Gozag.
             Mangled by a soul eater (15 damage)
             ... summoned by a kobold demonologist
             ... in the Dungeon (Sprint III: "The Ten Rune Challenge").
             The game lasted 00:02:47 (1510 turns).

mhtbhm the Protected (Gargoyle Fighter)             Turns: 1510, Time: 00:02:47

Health: -12/44     AC: 14    Str: 19    XL:     6   Next: 59%
Magic:  6/6        EV: 10    Int:  9    God:    Gozag
Gold:   26         SH:  5    Dex: 11    Spells: 5/5 levels left

rFire   . . .      SeeInvis .   a - +0 flail
rCold   . . .      Faith    .   c - +0 buckler
rNeg    + . .      Spirit   .   b - +0 scale mail
rPois   ∞          Reflect  .   (no helmet)
rElec   +          Harm     .   (no cloak)
rCorr   .          Rampage  .   (no gloves)
Will    .....      Clarity  +   (no boots)
Stlth   +......... NoTele   +   (no amulet)
HPRegen 0.14/turn               (no ring)
MPRegen 0.10/turn               (no ring)

@: hasted, very quick
A: sickness immunity, AC +4, negative energy resistance 1, electricity
resistance, torment resistance 1, petrification resistance, iridescent scales 1,
thin skeletal structure 1, clarity, weak 1
a: Renounce Religion, Potion Petition, Call Merchant, Bribe Branch


You were in the Dungeon.
You worshipped Gozag.
Gozag was noncommittal.
You visited 1 branch You collected 26 gold pieces.

Inventory:

Hand Weapons
 a - a +0 flail (weapon)
Armour
 b - a +0 scale mail (worn)
 c - a +0 buckler (worn)
Scrolls
 j - a scroll of blinking
 k - a scroll of torment {unknown}
 l - a scroll of identify {unknown}
 o - a scroll of holy word {unknown}
 p - a scroll of fear {unknown}
Potions
 e - a potion of mutation
 h - 2 potions of magic
 m - 2 potions of brilliance {unknown}
 n - 2 potions of flight {unknown}
 q - a potion of lignification {unknown}
Miscellaneous
 d - a phantom mirror


   Skills:
 + Level 8.1 Fighting
 + Level 6.9 Maces & Flails
 + Level 8.8 Armour
 + Level 0.4 Dodging
 + Level 1.1 Stealth
 + Level 7.3 Shields


You had 5 spell levels left.
You didn't know any spells.
Your spell library was empty.

Dungeon Overview and Level Annotations

Branches:
Dungeon (1/1)

Altars:
Cheibriados
Fedhas
Gozag
Hepliaklqana
Kikubaaqudgha
Makhleb
Nemelex Xobeh
Qazlal
Sif Muna
Vehumet
Xom
Jiyva
Lugonu


Innate Abilities, Weirdness & Mutations

You are immune to sickness and miasma.
Your stone body is resilient. (AC +4)
You are immune to poison.
You resist negative energy. (rN+)
You are resistant to electric shocks. (rElec)
You are resistant to unholy torment.
You are immune to petrification.
You are partially covered in iridescent scales. (AC +2)
You have a somewhat thin skeletal structure. (Dex +2, Stealth+)
You possess an exceptional clarity of mind.
You are weak. (Str -2)


Message History

You hit the soul eater.
The soul eater is heavily wounded.
The kobold demonologist misses you. You block the soul eater's attack.
The kobold demonologist hits you with a +0 dagger.
You hit the soul eater but do no damage.
The soul eater is heavily wounded.
The soul eater hits you.
The kobold demonologist hits you with a +0 dagger.
You are too injured to fight recklessly!
You are too injured to fight recklessly!
You are too injured to fight recklessly!
You are too injured to fight recklessly!
You are too injured to fight recklessly!
You are too injured to fight recklessly!
You are too injured to fight recklessly!
You are too injured to fight recklessly!
You are too injured to fight recklessly!
You are too injured to fight recklessly!
Really quaff the potion of mutation?
Okay, then.
You feel yourself speed up. The soul eater barely misses you.
The kobold demonologist barely misses you.
You barely miss the kobold demonologist.
The soul eater hits you.
You closely miss the kobold demonologist.
The kobold demonologist hits you but does no damage.
You barely miss the kobold demonologist.
The soul eater hits you!
* * * LOW HITPOINT WARNING * * *
The kobold demonologist hits you but does no damage.
You hit the kobold demonologist.
The kobold demonologist is lightly wounded.
The soul eater closely misses you.
Unknown command.
You sock the kobold demonologist!
The kobold demonologist is heavily wounded.
The kobold demonologist hits you but does no damage.
The soul eater hits you!
You die...
Your body crumbles into a pile of gold.

..'...♣.♣ ♣.# $$$ ..#.....♣
♣♣.# $$ ###....♣♣♣ ..# $ $
..#....≈.♣♣♣♣.###+#+###+##$$
..#...≈≈.♣♣...#..........# $
..#..≈≈≈≈♣♣♣♣.+.⌠........#$
$$
#'#..≈≈≈≈≈≈♣♣.#...######'#$
$$ $
..#.≈≈≈≈≈≈.v..#.3.#__#...#
..#.≈≈≈≈≈.....#.@.#__#...#
..#.≈≈≈.......#K###__#...#
###...........#55$#__#...+
..............#___#__'...#
▓▓▓▓▓▓▓▓▓▓▓▓▓▓▓▓▓▓▓▓▓▓▓▓▓▓


You could see a soul eater (summoned), a kobold demonologist and a white imp
(summoned).

Vanquished Creatures
  A shadow (D)
  A water elemental (D)
  A scorpion (D)
  A jelly (D)
  A wizard (D)
  A human (D)
  4 rats (D)
10 creatures vanquished.

Vanquished Creatures (others)
  2 plants (D)
2 creatures vanquished.

Grand Total: 12 creatures vanquished

Notes
Turn   | Place    | Note
-------+----------+-------------------------------------------
     0 | D        | mhtbhm the Gargoyle Fighter began the quest for the Orb.
     0 | D        | Reached XP level 1. HP: 14/14 MP: 1/1
    87 | D        | Reached XP level 2. HP: 14/20 MP: 2/2
   176 | D        | Noticed a scorpion
   190 | D        | Killed a scorpion
   191 | D        | Reached skill level 5 in Fighting
   191 | D        | Reached skill level 5 in Shields
   191 | D        | Reached XP level 3. HP: 23/27 MP: 3/3
   191 | D        | Reached XP level 4. HP: 27/32 MP: 4/4
   209 | D        | Gained mutation: You possess an exceptional clarity of
                  | mind. [potion of mutation]
   209 | D        | Gained mutation: You have hidden genetic potential. [potion
                  | of mutation]
   209 | D        | Gained mutation: You are weak. (Str -2) [potion of
                  | mutation]
   250 | D        | Noticed a water elemental
   260 | D        | Killed a water elemental
   261 | D        | Reached XP level 5. HP: 23/37 MP: 5/5
   269 | D        | Gained mutation: You are partially covered in iridescent
                  | scales. (AC +2) [hidden potential]
   404 | D        | Noticed a shadow
   413 | D        | Killed a shadow
   414 | D        | Reached skill level 1 in Stealth
   414 | D        | Reached XP level 6. HP: 25/44 MP: 6/6
   416 | D        | Gained mutation: You have a somewhat thin skeletal
                  | structure. (Dex +2, Stealth+) [hidden potential]
   416 | D        | Lost mutation: You have hidden genetic potential. [hidden
                  | potential expressed]
   423 | D        | Found a blossoming altar of Fedhas.
   423 | D        | Found a stormy altar of Qazlal.
   423 | D        | Found a snail-covered altar of Cheibriados.
   423 | D        | Found a burning altar of Makhleb.
   423 | D        | Found a shimmering altar of Xom.
   423 | D        | Noticed a spatial vortex
   424 | D        | Found a hazy altar of Hepliaklqana.
   424 | D        | Found an opulent altar of Gozag.
   424 | D        | Found a sparkling altar of Nemelex Xobeh.
   424 | D        | Found a corrupted altar of Lugonu.
   424 | D        | Found a viscous altar of Jiyva.
   692 | D        | Became a worshipper of Gozag Ym Sagoz the Greedy
  1492 | D        | Found a radiant altar of Vehumet.
  1492 | D        | Found a shimmering blue altar of Sif Muna.
  1492 | D        | Found an ancient bone altar of Kikubaaqudgha.
  1499 | D        | Noticed a soul eater
  1510 | D        | Mangled by a soul eater

Illustrated notes

Levels and vault maps discovered:
D:        dungeon_sprint_mu [sprint_mu_entry_forest, sprint_mu_temple_rooms,
          sprint_mu_d1_horrors, sprint_mu_d2_genie, sprint_mu_d3_branching,
          sprint_mu_orc_legion, sprint_mu_elf_gauntlet, sprint_mu_hive_nellie,
          sprint_mu_lair_fedhas, sprint_mu_vaults_butterflies,
          sprint_mu_slime_circle, sprint_mu_swamp_cave, sprint_mu_shoals_kraken,
          sprint_mu_blade_basic, sprint_mu_crypt_chambers,
          sprint_mu_tomb_spiral, sprint_mu_vestibule_basic,
          sprint_mu_gehenna_hellfire, sprint_mu_dis_giant,
          sprint_mu_tartarus_statrot, sprint_mu_cocytus_islands, sprint_mu_zot1]

Skill      XL: |  1  2  3  4  5  6 |
---------------+-------------------+-----
Fighting       | 4 5 6 7 8 |  8.1
Armour         | 4 6 8 |  8.8
Shields        | 4 5 6 7 |  7.3
Maces & Flails | 3 4 6 |  6.9
Stealth        | 1 |  1.1
Dodging        | |  0.4

Action                   |  1- 3 |  4- 6 || total
-------------------------+-------+-------++-------
Melee: Flail             |    32 |    52 ||    84
  Use: Potion            |     1 |     5 ||     6
Armor: Scale mail        |    14 |     9 ||    23
Dodge: Dodged            |    12 |    18 ||    30
Block: Buckler           |     8 |     5 ||    13

Table legend: (Time is in decaauts)
 A = Elapsed time spent in this place.
 B = Non-inter-level travel time spent in this place.
 C = Inter-level travel time spent in this place.
 D = Time resting spent in this place.
 E = Time spent auto-exploring this place.
 F = Levels seen in this place.
 G = Mean time per level.
                   A        B        C        D        E       F      G
               +--------+--------+--------+--------+--------+-----+--------+
         Total |   1533 |   1533 |      0 |   1212 |      1 |   1 | 1533.0 |
       Dungeon |   1533 |   1533 |      0 |   1212 |      1 |   1 | 1533.0 |
               +--------+--------+--------+--------+--------+-----+--------+

Top non-repeatable levels by time:
       D: 1533 daAuts
